 Dungeon Crawl Stone Soup version 0.19-a0-628-g9200b3b (webtiles) character file.

66 Krapule the Poker (level 4, -1/34 HPs)
             Began as a Merfolk Skald on June 13, 2016.
             Slain by a hobgoblin (3 damage)
             ... on level 2 of the Dungeon.
             The game lasted 00:02:39 (983 turns).

Krapule the Poker (Merfolk Skald)                    Turns: 983, Time: 00:02:40

Health: -1/34      AC:  5    Str: 13    XL:     4   Next: 15%
Magic:  2/7        EV: 10    Int: 11    God:
Gold:   41         SH:  3    Dex: 13    Spells: 1 memorised, 6 levels left

rFire  . . .     SeeInvis .     a - +0 spear
rCold  . . .     Gourm    .     f - +0 ring mail
rNeg   . . .     Faith    .     e - +0 buckler
rPois  .         Spirit   .     (no helmet)
rElec  .         Dismiss  .     (no cloak)
rCorr  .         Reflect  .     (no gloves)
SustAt .         Harm     .     (no boots)
MR     .....                    (no amulet)
Stlth  +.........               (no ring)
                                (no ring)

@: not resistant to hostile enchantments, very unstealthy
A: change form in water, swift swim
a: no special abilities


You were on level 2 of the Dungeon.
You were hungry.

You visited 1 branch of the dungeon, and saw 2 of its levels.

You collected 41 gold pieces.

Inventory:

Hand Weapons
 a - a +0 spear (weapon)
Armour
 b - a +0 leather armour
 e - a +0 buckler (worn)
 f - a +0 ring mail (worn)
Potions
 g - a potion of mutation {unknown}
 i - 2 potions of heal wounds {unknown}
 k - a potion of degeneration {unknown}
Books
 c - a book of Battle

   Spells                             Type                      Level
   a - Infusion                       Charms                       1
   b - Shroud of Golubria             Charms/Translocation         2
   c - Song of Slaying                Charms                       2
   d - Spectral Weapon                Hexes/Charms                 3
   e - Regeneration                   Charms/Necromancy            3
Comestibles
 d - 2 bread rations
 h - a meat ration


   Skills:
 + Level 2.9 Fighting
 + Level 4.0 Polearms
 - Level 1.0 Armour
 + Level 2.3 Dodging
 + Level 2.3 Spellcasting
 + Level 3.6 Charms


You had 6 spell levels left.
You knew the following spells:

 Your Spells              Type           Power        Failure   Level  Hunger
a - Infusion              Chrm           #...         24%         1    ##.....


Dungeon Overview and Level Annotations

Branches:
Dungeon (2/15)

Altars:
Nemelex Xobeh


Message History

The gnoll is almost dead.
The gnoll hits you with a spear.
* * * LOW HITPOINT WARNING * * *
Your shield and ring mail prevent you from hitting the gnoll.
The gnoll is almost dead.
The gnoll barely misses you.
You hit the gnoll.
You kill the gnoll!
Your Polearms skill increases to level 4!
You have reached level 4!
You are feeling hungry.
You closely miss the hobgoblin. The hobgoblin misses you.
You hit the hobgoblin.
The hobgoblin is moderately wounded.
The hobgoblin hits you.
* * * LOW HITPOINT WARNING * * *
You barely miss the hobgoblin.
The hobgoblin is moderately wounded.
The hobgoblin hits you.
You die...

##################
#g..g......†).....
#g##############..
#@# #.. #+# #S.
#.. ...g...g.
g..S...g.
.........
.........
.g.......
.........


You could see a gnoll and a hobgoblin.

Vanquished Creatures
  A gnoll (D:2)
  An adder (D:2)
  An ooze (D:1)
  2 dart slugs (D:1)
  A giant gecko (D:1)
  7 bats (D:1)
  3 giant cockroaches
  2 goblins (D:1)
  A hobgoblin (D:1)
  6 jackals (D:1)
  4 kobolds (D:1)
  A giant newt (D:1)
  5 rats (D:1)
35 creatures vanquished.

Notes
Turn   | Place    | Note
--------------------------------------------------------------
     0 | D:1      | Krapule the Merfolk Skald began the quest for the Orb.
     0 | D:1      | Reached XP level 1. HP: 16/16 MP: 3/3
    45 | D:1      | Reached XP level 2. HP: 8/23 MP: 5/5
   564 | D:1      | Reached XP level 3. HP: 23/28 MP: 6/6
   726 | D:1      | Found a sparkling altar of Nemelex Xobeh.
   812 | D:1      | Reached skill level 1 in Armour
   967 | D:2      | HP: 1/28 [gnoll/spear (2)]
   969 | D:2      | Reached skill level 4 in Polearms
   969 | D:2      | Reached XP level 4. HP: 1/34 MP: 0/7
   983 | D:2      | Slain by a hobgoblin

Vault maps used:
D:1:      dpeg_arrival_houses_and_road, glass_columns_a, st_stairs_12,
          nemelex_diamond_rough_becter
D:2:      kiku_gazebo_garden_becter, eat_drink_and_be_merry_uskayaw,
          grunt_temple_overflow_open, first_bread, uniq_iyjb

Skill      XL: |  1  2  3 |
---------------+----------+-----
Dodging        | 2 |  2.3
Armour         | 1 |  1.0
Polearms       | 4 |  4.0
Fighting       | |  2.9
Spellcasting   | |  2.3
Charms         | |  3.6

Action                   |  1- 3 |  4- 6 || total
-------------------------+-------+-------++-------
Melee: Spear             |   161 |     3 ||   164
 Cast: Infusion          |     1 |       ||     1
  Use: Scroll            |     1 |       ||     1
Armor: Leather armour    |     5 |       ||     5
       Ring mail         |    29 |       ||    29
Dodge: Dodged            |   101 |     1 ||   102
Block: Buckler           |    11 |       ||    11
